 Dungeon Crawl Stone Soup version 0.20.1 (webtiles) character file.

20628 doot the Carver (level 12, 0/154 HPs)
             Began as a Barachi Berserker on July 2, 2017.
             Was a High Priest of Trog.
             Slain by Urug
             ... wielding a +1 scimitar
              (9 damage)
             ... on level 12 of the Dungeon.
             The game lasted 01:10:50 (18802 turns).

doot the Carver (Barachi Berserker)                Turns: 18802, Time: 01:10:50

Health: 0/154      AC: 26    Str: 25    XL:     12   Next: 81%
Magic:  12/12      EV:  9    Int:  9    God:    Trog [*****.]
Gold:   65         SH:  4    Dex: 15    Spells: 11/11 levels left

rFire    + . .     SeeInvis +   a - +10 short sword (flame)
rCold    + + .     Gourm    .   (no shield)
rNeg     . . .     Faith    .   Z - +3 gold dragon scales
rPois    +         Spirit   .   Y - +2 helmet {Int+3}
rElec    .         Reflect  .   (no cloak)
rCorr    .         Harm     .   G - +1 pair of gloves of Shielding {rPois Regen+}
MR       .....                  (no boots)
Stlth    ..........             (no amulet)
Regen    0.8/turn               C - ring of protection from cold
MPRegen  0.2/turn               V - ring of see invisible

@: berserking, slowed, slow
A: +LOS, swims, talons 1, large bone plates 1, camouflage 1, blurry vision 1,
dopey 1, screaming 1, slowness 1, evolution 1, strong legs 1
a: Hop, Berserk, Trog's Hand, Brothers in Arms, Burn Spellbooks, Renounce
Religion


You were on level 12 of the Dungeon.
You worshipped Trog.
Trog was extremely pleased with you.
You were hungry.

You visited 2 branches of the dungeon, and saw 13 of its levels.
You also visited: Ossuary and Bailey.

You collected 1085 gold pieces.
You spent 1020 gold pieces at shops.

Inventory:

Hand Weapons
 a - a +10 short sword of flaming (weapon)
 b - the +6 arbalest of the Jolly Beds {speed, +Inv Str+4 Dex+2 Stlth+}
   (You bought it in a shop on level 9 of the Dungeon)

   Attacks with this weapon are significantly faster.
   It affects your strength (+4).
   It affects your dexterity (+2).
   It lets you turn invisible.
   It makes you more stealthy.
 u - a +0 blowgun
 O - a +0 long sword
Missiles
 j - 7 needles of confusion
 k - 5 needles of paralysis
 r - 90 poisoned needles
 I - 3 steel tomahawks (quivered)
 Q - 4 javelins
 S - 8 silver tomahawks
 W - 81 bolts
Armour
 l - a +1 pair of gloves
 p - a +1 leather armour of magic resistance
 G - the +1 pair of gloves of Shielding (worn) {rPois Regen+}
   (You acquired it on level 11 of the Dungeon)

   It protects you from poison.
   It increases your rate of regeneration.
 H - a +0 animal skin
 K - a +0 chain mail
 Y - a +2 helmet of intelligence (worn)
 Z - +3 gold dragon scales (worn)
Jewellery
 i - an uncursed ring of fire
 C - a ring of protection from cold (left hand)
 J - the ring of Rettirgha {rPois rC+++ MR- Slay-5 SInv}
   (You found it in a bailey)

   [ring of see invisible]

   It affects your accuracy and damage with ranged weapons and melee attacks
   (-5).
   It renders you almost immune to cold.
   It protects you from poison.
   It affects your resistance to hostile enchantments.
   It lets you see invisible.
 T - an uncursed ring of fire
 V - a ring of see invisible (right hand)
 X - an uncursed ring of fire
Wands
 t - a wand of polymorph (0/24)
 D - a wand of iceblast (6/15)
 L - a wand of lightning (4/15)
 P - a wand of polymorph (0/24)
 U - a wand of paralysis (15/24)
Scrolls
 d - 2 scrolls of blinking
 e - 9 scrolls of identify
 m - 9 scrolls of remove curse
 o - 2 scrolls of immolation
 s - 4 scrolls of teleportation
 y - 2 scrolls of random uselessness
Potions
 f - 11 potions of curing
 h - 3 potions of heal wounds
 n - a potion of magic {unknown}
 w - 2 potions of resistance {unknown}
 z - a potion of agility {unknown}
 A - 2 potions of lignification {unknown}
 B - a potion of berserk rage {unknown}
 F - 2 potions of invisibility {unknown}
 M - 2 potions of brilliance {unknown}
 N - 2 potions of might {unknown}
Books
 R - Sif Muna's Tome of Dusty Companions
   (You found it on level 9 of the Dungeon)

   Spells                             Type                      Level
   a - Sandblast                      Earth                        1
   b - Summon Small Mammal            Summoning                    1
   c - Bolt of Magma                  Conjuration/Fire/Earth       5
   d - Summon Mana Viper              Hexes/Summoning              5
   e - Summon Forest                  Summoning/Translocation      5
   Trog disapproves of the use of such an item.
Comestibles
 c - 5 bread rations
 g - 7 fruits
 q - 14 royal jellies
 E - 2 meat rations


   Skills:
 + Level 12.5 Fighting
 + Level 4.0(9.9) Short Blades
 + Level 14.7(14.9) Long Blades
 + Level 1.3 Crossbows
 + Level 2.1 Throwing
 + Level 10.6 Armour
 + Level 8.4 Dodging
 + Level 4.4 Stealth
 + Level 0.9 Evocations


You had 11 spell levels left.
You didn't know any spells.

Dungeon Overview and Level Annotations

Branches:
Dungeon (12/15)            Temple (1/1) D:7            Lair (0/6) D:9
    Orc: D:9-12

Altars:
Ashenzari
Cheibriados
Dithmenos
Elyvilon
Fedhas
Gozag
Hepliaklqana
Kikubaaqudgha
Makhleb
Nemelex Xobeh
Okawaru
Qazlal
Ru
Sif Muna
Trog
Uskayaw
Vehumet
Xom
Yredelemnul
Zin
The Shining One
Beogh

Shops:
D:9 (([=[   D:10 (

Annotations:
D:3 exclusion: oklob plant
D:6 2 transporters
D:12 Sonja; Urug; septik's ghost, journeyman MiBe


Innate Abilities, Weirdness & Mutations

Shadows flee at your approach. (+LOS)
You can swim through water.
You cover ground slowly.
You can hop short distances.
You have sharp toenails.
You are partially covered in large bone plates. (SH +4)
Your skin changes colour to match your surroundings (Stealth+).
Scrolls take you a little longer to read.
You are dopey. (Int -2)
You occasionally shout uncontrollably at your foes.
You evolve.


Message History

* * * LOW HITPOINT WARNING * * *
Sonja unwields an uncursed short sword of distortion.
Its appearance distorts for a moment.
Sonja wields an uncursed enchanted blowgun.
Sonja shoots a curare-tipped needle.
The curare-tipped needle completely misses you.
Your gold dragon scales prevents you from hitting Urug.
You block Urug's attack.
You hit Urug. You claw Urug.
Urug is lightly wounded.
Sonja disappears!
You hit Urug but do no damage.
Urug is lightly wounded.
Urug hits you but does no damage.
You hit Urug. Your kick misses Urug.
Urug is lightly wounded.
You barely miss Urug. You claw Urug, but do no damage.
Urug is lightly wounded.
Urug hits you with an enchanted scimitar!
You die...

#........##
#.#####...#
#.# #..## ..#
#...# #..##
#.######...#
#.........##
#######..##
#.@###
.######.o))+
(....ยง..(###
(######..#
##.. #...
#$... ######


You could see Urug.

Vanquished Creatures
  A hydra (D:11)
  5 two-headed ogres
  2 unseen horrors (D:10)
  A flayed ghost (D:9)
  A guardian serpent (D:9)
  Joseph (D:7)
  A gargoyle (D:12)
  A komodo dragon (D:9)
  A hornet (D:10)
  A troll (D:9)
  2 hippogriffs
  4 shadows
  3 wraiths
  22 yaks
  A wyvern (D:8)
  2 fire bats (D:9)
  A steam dragon (D:9)
  A hungry ghost (D:8)
  An acid dragon (D:9)
  2 water moccasins
  Duvessa (D:5)
  5 orc warriors
  4 sky beasts
  11 ogres
  A necrophage (D:8)
  4 ice beasts
  2 black bears (D:6)
  2 phantoms
  7 centaurs
  2 crocodiles (D:9)
  5 big kobolds
  12 bullfrogs
  Dowan (D:5)
  2 scorpions
  14 killer bees
  3 howler monkeys (D:10)
  9 crimson imps
  3 centaur zombies
  3 hounds
  7 jellies
  2 centaur skeletons
  2 human zombies (Ossuary)
  A quasit (D:10)
  7 orc priests
  6 orc wizards
  2 bullfrog skeletons
  4 iguanas
  Natasha (thrice) (D:3)
  7 worker ants
  3 big kobold zombies (Ossuary)
  A hound zombie (D:10)
  2 hound skeletons
  2 mummies (Ossuary)
  13 adders
  3 shadow imps
  5 oozes (D:8)
  An adder zombie (D:6)
  2 adder skeletons
  A worm (D:3)
  7 leopard geckos
  48 orcs
  A ball python (D:1)
  13 bats
  8 giant cockroaches
  12 goblins
  7 hobgoblins
  16 jackals
  8 quokkas
  A ball python skeleton (D:4)
  3 frilled lizards
  A goblin zombie (Ossuary)
  10 hobgoblin zombies (Ossuary)
  A jackal zombie (Ossuary)
  32 kobolds
  8 kobold zombies (Ossuary)
  8 orc zombies (Ossuary)
  A quokka skeleton (D:8)
  4 rats
  4 rat zombies (Ossuary)
  A plant (D:9)
413 creatures vanquished.

Vanquished Creatures (collateral kills)
  A troll (D:11)
  A bullfrog (D:11)
  A jelly (D:11)
3 creatures vanquished.

Vanquished Creatures (others)
  A bullfrog (D:6)
  An orc wizard (D:10)
  An orc (D:8)
  A quokka zombie (D:6)
  7 fungi (D:3)
  A plant (D:9)
  15 toadstools (D:3)
27 creatures vanquished.

Grand Total: 443 creatures vanquished

Notes
Turn   | Place    | Note
-------+----------+-------------------------------------------
     0 | D:1      | doot the Barachi Berserker began the quest for the Orb.
     0 | D:1      | Reached XP level 1. HP: 18/18 MP: 1/1
   698 | D:1      | Reached XP level 2. HP: 25/25 MP: 2/2
  1218 | D:2      | Reached skill level 4 in Long Blades
  1482 | D:2      | Reached XP level 3. HP: 17/30 MP: 3/3
  2073 | D:3      | Found an opulent altar of Gozag.
  2688 | D:3      | Found an iron altar of Okawaru.
  2698 | D:3      | Reached XP level 4. HP: 38/38 MP: 4/4
  3059 | D:3      | Found a blossoming altar of Fedhas.
  3074 | D:3      | Reached skill level 5 in Long Blades
  3081 | D:3      | Noticed an oklob plant
  3134 | D:3      | Reached ** piety under Trog
  3186 | D:3      | Noticed Natasha
  3195 | D:3      | Killed Natasha
  3501 | D:3      | Reached XP level 5. HP: 42/43 MP: 5/5
  3518 | D:3      | Noticed Natasha
  3528 | D:3      | Killed Natasha
  3552 | D:3      | Found a hazy altar of Hepliaklqana.
  3792 | D:3      | Noticed Natasha
  3834 | D:3      | Killed Natasha
  3834 | D:3      | Reached skill level 1 in Stealth
  3952 | D:4      | Noticed a phantom
  4214 | D:4      | Reached skill level 5 in Fighting
  4231 | D:4      | Killed a phantom
  4231 | D:4      | Reached XP level 6. HP: 51/51 MP: 6/6
  4459 | D:4      | Reached skill level 6 in Long Blades
  5038 | D:4      | Reached XP level 7. HP: 46/56 MP: 7/7
  5197 | D:5      | Entered Level 5 of the Dungeon
  5213 | D:5      | Reached skill level 7 in Long Blades
  5317 | D:5      | Noticed Dowan
  5318 | D:5      | Noticed Duvessa
  6098 | D:5      | Killed Duvessa
  6190 | D:5      | Killed Dowan
  6190 | D:5      | Reached skill level 8 in Long Blades
  6190 | D:5      | Reached XP level 8. HP: 65/65 MP: 8/8
  6272 | D:5      | Found a hide-covered altar of Uskayaw.
  6272 | D:5      | Noticed a hand axe
  6273 | D:5      | Noticed a hand axe
  6869 | D:6      | Found a stormy altar of Qazlal.
  6899 | D:6      | Reached *** piety under Trog
  6899 | D:6      | Reached skill level 5 in Dodging
  7251 | D:6      | Reached skill level 9 in Long Blades
  7626 | D:5      | Reached XP level 9. HP: 38/72 MP: 9/9
  8174 | D:6      | Found a shimmering altar of Xom.
  8176 | D:6      | Noticed an efreet
  8191 | D:6      | Found a transporter.
  8290 | D:6      | Found a transporter.
  8566 | D:7      | Found a sand-covered staircase.
  8575 | D:7      | Reached skill level 10 in Long Blades
  8577 | Ossuary  | Entered an ossuary
  8726 | Ossuary  | Received a gift from Trog
  9567 | D:7      | Found a staircase to the Ecumenical Temple.
  9583 | Temple   | Entered the Ecumenical Temple
  9969 | D:7      | Reached **** piety under Trog
  9999 | D:7      | Noticed Joseph
 10002 | D:8      | Found a runed door.
 10209 | D:7      | Killed Joseph
 10209 | D:7      | Reached skill level 11 in Long Blades
 10737 | D:7      | Gained mutation: You are weak. (Str -2) [mutagenic meat]
 10738 | D:7      | Gained mutation: You have sharp toenails. [mutagenic meat]
 10912 | D:7      | Reached XP level 10. HP: 82/82 MP: 10/10
 11114 | D:8      | Gained mutation: You evolve. [mutagenic meat]
 11222 | D:8      | Reached skill level 12 in Long Blades
 11241 | D:8      | Received a gift from Trog
 11369 | D:8      | Noticed a two-headed ogre
 11386 | D:8      | Killed a two-headed ogre
 11397 | D:8      | Gained mutation: You occasionally shout uncontrollably at your foes. [evolution]
 11952 | D:8      | Reached skill level 13 in Long Blades
 12053 | D:8      | Reached skill level 10 in Fighting
 12100 | D:8      | Lost mutation: You are weak. (Str -2) [evolution]
 12585 | D:8      | Reached XP level 11. HP: 90/91 MP: 11/11
 12714 | D:8      | Found a roughly hewn altar of Beogh.
 13055 | D:9      | Reached skill level 5 in Armour
 13441 | D:9      | Found Rep Were's Weapon Shop.
 13557 | D:9      | Reached ***** piety under Trog
 13779 | D:9      | Gained mutation: Scrolls take you a little longer to read. [mutagenic meat]
 13780 | D:9      | Gained mutation: You are dopey. (Int -2) [mutagenic meat]
 13781 | D:9      | Gained mutation: Your skin changes colour to match your surroundings (Stealth+). [mutagenic meat]
 13831 | D:9      | Found Aleu's Jewellery Boutique.
 13864 | D:9      | Found an ancient bone altar of Kikubaaqudgha.
 13865 | D:9      | Found a burning altar of Makhleb.
 14061 | D:9      | Found Bodif's Armour Boutique.
 14302 | D:9      | Found Mehiucsa's Weapon Shop.
 14333 | D:9      | Found a staircase to the Lair.
 14364 | D:9      | Reached skill level 14 in Long Blades
 14413 | D:9      | Found Jiakhoyj's Armour Shop.
 14575 | D:9      | Found a deep blue altar of Sif Muna.
 14582 | D:9      | Reached skill level 1 in Throwing
 14605 | D:9      | Found a runed door.
 14628 | D:9      | Found a blossoming altar of Fedhas.
 15047 | D:9      | Found a blossoming altar of Fedhas.
 15343 | D:9      | Found a shadowy altar of Dithmenos.
 15357 | D:9      | Found a deep blue altar of Sif Muna.
 15370 | D:9      | Found a burning altar of Makhleb.
 15377 | D:9      | Noticed a flayed ghost
 15385 | D:9      | Killed a flayed ghost
 15388 | D:9      | Identified Sif Muna's Tome of Dusty Companions
 15390 | D:9      | Identified Fecaupn's Almanac of Glacial Bewitchment
 15443 | D:9      | Gained mutation: You are partially covered in large bone plates. (SH +4) [evolution]
 15507 | D:9      | Received a gift from Trog
 16001 | D:9      | Reached XP level 12. HP: 65/100 MP: 12/12
 16122 | D:10     | Entered Level 10 of the Dungeon
 16282 | D:10     | Noticed a two-headed ogre
 16292 | D:10     | Killed a two-headed ogre
 16379 | D:10     | Found Jaunoex's Weapon Shoppe.
 16568 | D:10     | Noticed a two-headed ogre
 16574 | D:10     | Killed a two-headed ogre
 16793 | D:10     | Received a gift from Trog
 17121 | D:10     | Reached skill level 10 in Armour
 17407 | D:11     | Noticed a six-headed hydra
 17418 | D:11     | Killed a six-headed hydra
 17418 | D:11     | Reached skill level 1 in Short Blades
 17424 | D:11     | Identified a scroll of acquirement
 17424 | D:11     | Got a pair of translucent gloves
 17446 | D:11     | Identified the +1 pair of gloves of Shielding {rPois Regen+} (You acquired it on level 11 of the Dungeon)
 17511 | D:11     | Found a flagged portal.
 17524 | Bailey   | Entered a bailey
 17730 | Bailey   | Got a wavering turquoise ring
 17743 | Bailey   | Identified the ring of Rettirgha {rPois rC+++ MR- Slay-5 SInv} (You found it in a bailey)
 18029 | D:9      | Bought the +6 arbalest of the Jolly Beds {speed, +Inv Str+4 Dex+2 Stlth+} for 1020 gold pieces
 18584 | D:12     | Noticed a two-headed ogre
 18595 | D:12     | Killed a two-headed ogre
 18775 | D:12     | Noticed Sonja
 18779 | D:12     | Noticed a two-headed ogre
 18782 | D:12     | Noticed Urug
 18782 | D:12     | Noticed septik's ghost (journeyman MiBe)
 18789 | D:12     | Killed a two-headed ogre
 18789 | D:12     | Reached skill level 1 in Crossbows
 18794 | D:12     | Received a gift from Trog
 18797 | D:12     | HP: 7/154 [Urug/enchanted scimitar (21)]
 18802 | D:12     | Slain by Urug

Skill      XL: |  1  2  3  4  5  6  7  8  9 10 11 12 |
---------------+-------------------------------------+-----
Fighting       | 4 5 6 7 8 10 11 12 | 12.5
Long Blades    | 4 5 6 8 9 11 13 14 | 14.7
Dodging        | 3 4 5 6 7 8 |  8.4
Stealth        | 1 2 3 4 |  4.4
Armour         | 3 4 8 10 | 10.6
Throwing       | 1 2 |  2.1
Short Blades   | 4 |  4.0
Crossbows      | 1 |  1.3
Evocations     | |  0.9

Action                   |  1- 3 |  4- 6 |  7- 9 | 10-12 || total
-------------------------+-------+-------+-------+-------++-------
Melee: Falchion          |   103 |   145 |   509 |   398 ||  1155
       Unarmed           |       |     1 |       |       ||     1
       Kick              |       |       |     1 |   402 ||   403
       Long sword        |       |       |       |   414 ||   414
       Short sword       |       |       |       |   116 ||   116
 Fire: Arbalest          |       |       |       |    16 ||    16
Throw: Tomahawk          |       |       |       |    21 ||    21
       Javelin           |       |       |       |     2 ||     2
Invok: Berserk           |     2 |     5 |    14 |    17 ||    38
       Trog's Hand       |       |       |     1 |       ||     1
       Burn Spellbooks   |       |       |       |     1 ||     1
Evoke: Wand              |       |       |       |     2 ||     2
  Use: Potion            |       |       |     2 |       ||     2
       Scroll            |       |       |     9 |     6 ||    15
 Stab: Sleeping          |       |     2 |     4 |     1 ||     7
  Eat: Chunk             |     8 |     8 |    23 |    47 ||    86
       Meat ration       |       |     1 |     2 |       ||     3
       Fruit             |       |       |     2 |     3 ||     5
Armor: Animal skin       |    29 |    17 |    63 |       ||   109
       Skin              |       |     2 |       |       ||     2
       Leather armour    |       |       |    10 |    34 ||    44
       Chain mail        |       |       |       |   244 ||   244
       Gold dragon scale |       |       |       |    46 ||    46
Dodge: Dodged            |    80 |   118 |   338 |   459 ||   995
Block: Other             |       |       |       |    62 ||    62
       Rpst.: Falchion   |    27 |    43 |   100 |    66 ||   236
       Long sword        |       |       |       |    63 ||    63
